 Dungeon Crawl Stone Soup version 0.27.1 (webtiles) character file.

Game seed: 2997201415383573053

442 funkygono the Firebug (level 7, -2/38 HPs)
             Began as a Gargoyle Fire Elementalist on Aug 23, 2021.
             Slain by an ogre (12 damage)
             ... on level 4 of the Dungeon.
             The game lasted 00:12:13 (4501 turns).

funkygono the Firebug (Gargoyle Fire Elementalist)  Turns: 4501, Time: 00:12:14

Health: -2/38      AC:  9    Str: 11    XL:     7   Next: 2%
Magic:  16/21      EV: 12    Int: 18    God:
Gold:   213        SH:  0    Dex: 10    Spells: 0/13 levels left

rFire    + . .     SeeInvis .   g - +0 whip
rCold    . . .     Faith    +   (no shield)
rNeg     + . .     Spirit   .   a - +0 robe
rPois    ∞         Reflect  .   o - +1 helmet
rElec    +         Harm     .   (no cloak)
rCorr    .         Rampage  .   (no gloves)
Will     .....                  h - +0 pair of boots
Stlth    ++........             m - amulet of faith
HPRegen  0.12/turn              j - ring of protection from fire
MPRegen  0.17/turn              p - ring of magical power

@: no status effects
A: sickness immunity, AC +4, negative energy resistance 1, electricity
resistance, torment resistance 1, petrification resistance
a: no special abilities


You were on level 4 of the Dungeon.
You visited 1 branch of the dungeon, and saw 4 of its levels.

You collected 213 gold pieces.

Inventory:

Hand Weapons
 f - a +0 flail
 g - a +0 whip (weapon)
Missiles
 k - 113 stones
 r - 2 throwing nets
Armour
 a - a +0 robe (worn)
 c - a +1 robe of fire resistance
 h - a +0 pair of boots (worn)
 o - a +1 helmet (worn)
Magical Staves
 q - a staff of fire
 v - a staff of conjuration
Jewellery
 j - a ring of protection from fire (left hand)
 m - an amulet of faith (around neck)
 p - a ring of magical power (right hand)
Scrolls
 b - 6 scrolls of magic mapping
 i - a scroll of identify
 u - a scroll of enchant armour
Potions
 d - a potion of curing
 e - a potion of invisibility
 l - a potion of lignification
 n - a potion of flight {unknown}
 s - a potion of cancellation
 t - a potion of attraction {unknown}


   Skills:
 + Level 1.1 Fighting
 + Level 1.2 Maces & Flails
 + Level 2.0 Dodging
 - Level 2.1 Stealth
 * Level 3.9 Spellcasting
 * Level 3.6 Conjurations
 * Level 5.1 Fire Magic


You couldn't memorise any spells.
You knew the following spells:

 Your Spells              Type           Power      Damage    Failure   Level
a - Foxfire               Conj/Fire      76%        2x1d7     2%          1
b - Conjure Flame         Conj/Fire      19%        6-21      8%          3
c - Sticky Flame          Conj/Fire      19%        2d4       24%         4
d - Fireball              Conj/Fire      9%         3d6       56%         5

Your spell library contained the following spells:

 Spells                   Type           Power      Damage    Failure   Level
 Freeze                   Ice            12%        1d4       16%         1
 Inner Flame              Hex/Fire       12%        N/A       16%         3
 Frozen Ramparts          Ice            6%         1d2       41%         3
 Hailstorm                Conj/Ice       10%        3d5       56%         4


Dungeon Overview and Level Annotations

Branches:
Dungeon (4/15)
 Temple: D:4-7

Altars:

Shops:
D:1 [(*[   D:3 *


Innate Abilities, Weirdness & Mutations

You are immune to sickness and miasma.
Your stone body is resilient. (AC +4)
You are immune to poison.
You resist negative energy. (rN+)
You are resistant to electric shocks. (rElec)
You are resistant to unholy torment.
You are immune to petrification.


Message History

The ogre is lightly wounded.
Casting: Foxfire (safe; 2% risk of failure)
Confirm with . or Enter, or press ? or * to list all spells.
You conjure some foxfire!
The foxfire hits the ogre.
The ogre is moderately wounded.
The foxfire hits the ogre.
The ogre is heavily wounded.
Casting: Foxfire (safe; 2% risk of failure)
Confirm with . or Enter, or press ? or * to list all spells.
You conjure some foxfire!
The goblin misses you.
The foxfire hits the goblin!
You kill the goblin!
Unknown command.
The foxfire hits the ogre.
The ogre is severely wounded.
Casting: Foxfire (safe; 2% risk of failure)
Confirm with . or Enter, or press ? or * to list all spells.
You conjure some foxfire!
The goblin closely misses you. The ogre hits you with a +0 giant club!
The foxfire hits the ogre but does no damage.
The ogre is severely wounded.
The foxfire hits the goblin.
You kill the goblin!
Casting: Foxfire (safe; 2% risk of failure)
Confirm with . or Enter, or press ? or * to list all spells.
You conjure some foxfire!
The foxfire hits the goblin.
The goblin is severely wounded.
The ogre hits you with a +0 giant club!!
Ouch! That really hurt!
* * * LOW HITPOINT WARNING * * *
The foxfire hits the ogre.
The ogre is almost dead.
Casting: Foxfire (safe; 2% risk of failure)
Confirm with . or Enter, or press ? or * to list all spells.
You conjure some foxfire!
The foxfire hits the goblin.
The goblin is heavily wounded.
The foxfire hits the goblin.
You kill the goblin!
Unknown command.
The ogre hits you with a +0 giant club!
You die...

. .#
#.................#.#
.#.
.......###.......#.#
....
.......###......#.. ...
#.#.....##......#..
#.###...#...##.##......
#......##......###.##..
#...........#..##..#
#[.
#....###............ .#
#....# #@........## .
#####
#....###O.#.###....
....# ##...##.g.#...
..... ....#
#...##g.#####.#.....
....#
##......g#####.#.....
....# #..............#
....# #...........###
....# #.......)...#
##.># #.....)....##


You could see an ogre and 3 goblins.

Vanquished Creatures
  Duvessa (D:4)
  A centaur (D:3)
  Dowan (D:4)
  A hound (D:4)
  A hound skeleton (D:2)
  Robin (D:2)
  4 adders
  3 worms
  4 dart slugs
  2 orcs (D:3)
  4 bats
  8 endoplasms
  3 giant cockroaches
  16 goblins
  10 hobgoblins
  4 jackals (D:3)
  3 quokkas
  12 ball pythons
  4 frilled lizards
  7 kobolds
  7 rats
97 creatures vanquished.

Vanquished Creatures (others)
  294 foxfires
294 creatures vanquished.

Grand Total: 391 creatures vanquished

Notes
Turn   | Place    | Note
-------+----------+-------------------------------------------
     0 | D:1      | funkygono the Gargoyle Fire Elementalist began the quest
                  | for the Orb.
     0 | D:1      | Reached XP level 1. HP: 10/10 MP: 3/3
    36 | D:1      | Found Kein's Weapon Emporium.
   202 | D:1      | Reached XP level 2. HP: 15/15 MP: 3/5
   271 | D:1      | Found Aleegesm's Assorted Antiques.
   571 | D:1      | Found Adecyuf's Armour Shoppe.
   789 | D:1      | Reached XP level 3. HP: 19/19 MP: 4/6
   839 | D:1      | Found Xeash's Armour Emporium.
   937 | D:1      | Found a faded altar of an unknown god.
  1067 | D:1      | Learned a level 3 spell: Conjure Flame
  1751 | D:2      | Reached skill level 4 in Fire Magic
  1751 | D:2      | Reached XP level 4. HP: 24/24 MP: 4/7
  1756 | D:2      | Learned a level 4 spell: Sticky Flame
  2067 | D:3      | Found Piarph's Assorted Antiques.
  2147 | D:3      | Noticed Robin
  2427 | D:2      | Killed Robin
  2931 | D:3      | Noticed a centaur
  2947 | D:3      | Killed a centaur
  2948 | D:3      | Reached XP level 5. HP: 18/28 MP: 6/9
  3817 | D:3      | Reached XP level 6. HP: 31/33 MP: 8/11
  3986 | D:4      | Noticed Duvessa
  3986 | D:4      | Noticed Dowan
  4002 | D:4      | Killed Duvessa
  4003 | D:4      | Reached skill level 1 in Fighting
  4003 | D:4      | Reached skill level 1 in Maces & Flails
  4015 | D:4      | Killed Dowan
  4016 | D:4      | Reached skill level 5 in Fire Magic
  4053 | D:4      | Reached XP level 7. HP: 8/38 MP: 0/12
  4192 | D:4      | Learned a level 5 spell: Fireball
  4195 | D:4      | Found a sand-covered staircase.
  4501 | D:4      | Slain by an ogre

Illustrated notes

Levels and vault maps discovered:
D:1:      dpeg_arrival_more_subterranean_lakeside_camping, layout_loops_corners,
          dreamdust_ecumenical_altar_angels_and_demons, serial_shops, shop,
          shop, shop, shop
D:2:      layout_basic
D:3:      minmay_chambers_of_threes, layout_loops_ring, serial_shops,
          nicolae_shop_temple_entry_statues_fountains, uniq_robin
D:4:      layout_rooms, nicolae_ossuary_entry_plus, minmay_ogre_servants,
          uniq_duvessa

Skill      XL: |  1  2  3  4  5  6 |
---------------+-------------------+-----
Fire Magic     | 4 5 |  5.1
Conjurations   | 2 3 |  3.6
Spellcasting   | 3 |  3.9
Fighting       | 1 |  1.1
Maces & Flails | 1 |  1.2
Dodging        | 2 |  2.0
Stealth        | |  2.1

Action                   |  1- 3 |  4- 6 |  7- 9 || total
-------------------------+-------+-------+-------++-------
Melee: Unarmed           |     1 |       |       ||     1
       Flail             |     5 |       |       ||     5
       Whip              |       |    56 |       ||    56
 Cast: Foxfire           |    56 |    99 |    13 ||   168
       Conjure Flame     |       |     1 |       ||     1
  Use: Scroll            |       |    10 |       ||    10
       Potion            |       |     2 |       ||     2
Armor: Robe              |     4 |    57 |     1 ||    62
Dodge: Dodged            |     5 |   116 |     8 ||   129
